 Dungeon Crawl Stone Soup version 0.19.0-19-g8c6edcc (webtiles) character file.

112 Chiseanne the Ducker (level 4, -3/23 HPs)
             Began as a Spriggan Monk on Nov 13, 2016.
             Was a Believer of Nemelex Xobeh.
             Slain by a gnoll
             ... wielding a +0 flail
              (10 damage)
             ... on level 2 of the Dungeon.
             The game lasted 00:03:07 (1746 turns).

Chiseanne the Ducker (Spriggan Monk)                Turns: 1746, Time: 00:03:08

Health: -3/23      AC:  4    Str:  7    XL:     4   Next: 64%
Magic:  5/5        EV: 23    Int: 11    God:    Nemelex Xobeh [**....]
Gold:   118        SH:  0    Dex: 19    Spells: 0 memorised, 3 levels left

rFire  . . .     SeeInvis +     a - +2 falchion (holy)
rCold  . . .     Gourm    .     b - +0 robe
rNeg   . . .     Faith    .     (shield restricted)
rPois  .         Spirit   .     (helmet restricted)
rElec  .         Reflect  .     r - +1 cloak
rCorr  .         Harm     .     (gloves unavailable)
MR     .....                    (boots unavailable)
Stlth  +++.......               (no amulet)
                                (no ring)
                                (no ring)

@: very quick
A: unfitting armour, see invisible, herbivore 3, speed 3, slow metabolism 2
a: Renounce Religion


You were on level 2 of the Dungeon.
You worshipped Nemelex Xobeh.
Nemelex Xobeh was pleased with you.
You were not hungry.

You visited 1 branch of the dungeon, and saw 2 of its levels.

You collected 118 gold pieces.

Inventory:

Hand Weapons
 a - a +2 falchion of holy wrath (weapon)
Missiles
 g - 26 sling bullets
 h - 25 stones (quivered)
 s - 25 arrows
Armour
 b - a +0 robe (worn)
 r - a +1 cloak (worn)
Scrolls
 i - 2 scrolls of identify
 k - a scroll of magic mapping
 p - 2 scrolls of remove curse {unknown}
Potions
 d - a potion of brilliance
 e - a potion of cure mutation {unknown}
 f - a potion of agility {unknown}
 n - a potion of cancellation {unknown}
Miscellaneous
 j - a plain deck of escape {god gift}
 l - a plain deck of escape {god gift}
 m - an ornate deck of escape {god gift}
Comestibles
 c - 3 bread rations
 o - 3 fruits
 q - a slice of pizza


   Skills:
 - Level 2.4 Fighting
 * Level 3.4 Long Blades
 * Level 6.6 Dodging
 - Level 3.0 Stealth


You had 3 spell levels left.
You didn't know any spells.

Dungeon Overview and Level Annotations

Branches:
Dungeon (2/15)

Altars:
Fedhas
Nemelex Xobeh
Uskayaw
Vehumet


Innate Abilities, Weirdness & Mutations

You are very small and have problems with some larger weapons.
You are too small for most types of armour.
You have supernaturally acute eyesight. (SInv)
You are a herbivore.
You cover ground extremely quickly.
You need consume almost no food.


Message History

You barely miss the gnoll.
The gnoll is moderately wounded.
The gnoll hits you with a spear.
You closely miss the gnoll.
The gnoll is moderately wounded.
The gnoll hits you with a spear! The gnoll completely misses you.
You hit the gnoll.
The gnoll is heavily wounded.
The gnoll misses you.
You riposte.
You closely miss the gnoll.
The gnoll is heavily wounded.
The gnoll barely misses you.
You barely miss the gnoll.
The gnoll is heavily wounded.
The gnoll barely misses you. The gnoll closely misses you.
The gnoll misses you.
You slash the gnoll!
You kill the gnoll!
The gnoll hits you with a flail!
You die...
Your body glows slightly and disappears.

...,,,***,*#..........,,,*
...,*,,,,,*#.........#**,*
...,,,,,,,,........>##**,*
##,,,*,*,*###.........,,,*
#,,,,,_,,* #......###****
#,,>,*,**** #......#
#,,,,,,,,,* #...g..#
#******,****#.g)g.#* #
*,,,,,,*####@#* ##
*#####,*#....# .#
##...####)####### .#
##.....##........#
.###.......#........#
.#....._...#.....†..#
.'.#.......##.......#
.#.##.....###.......#
.#..##...####.......#


You could see 3 gnolls.

Vanquished Creatures
  Terence (D:2)
  2 adders (D:2)
  A gnoll (D:2)
  An ooze (D:1)
  2 dart slugs
  2 leopard geckos (D:2)
  3 ball pythons
  3 giant cockroaches (D:2)
  5 goblins
  8 hobgoblins
  4 jackals (D:1)
  3 kobolds (D:2)
  3 bats
  2 frilled lizards (D:1)
  7 rats
47 creatures vanquished.

Notes
Turn   | Place    | Note
-------+----------+-------------------------------------------
     0 | D:1      | Chiseanne the Spriggan Monk began the quest for the Orb.
     0 | D:1      | Reached XP level 1. HP: 11/11 MP: 2/2
   291 | D:1      | Reached XP level 2. HP: 16/16 MP: 3/3
   367 | D:1      | Reached skill level 5 in Dodging
   853 | D:1      | Reached XP level 3. HP: 18/19 MP: 4/4
  1385 | D:2      | Found a sparkling altar of Nemelex Xobeh.
  1394 | D:2      | Reached skill level 6 in Dodging
  1403 | D:2      | Became a worshipper of Nemelex Xobeh the Trickster
  1403 | D:2      | Received a gift from Nemelex Xobeh
  1403 | D:2      | Reached * piety under Nemelex Xobeh
  1403 | D:2      | Received a gift from Nemelex Xobeh
  1403 | D:2      | Reached ** piety under Nemelex Xobeh
  1410 | D:2      | Received a gift from Nemelex Xobeh
  1413 | D:2      | Found a hide-covered altar of Uskayaw.
  1417 | D:2      | Noticed a hand axe
  1417 | D:2      | Noticed a hand axe
  1436 | D:2      | Noticed Terence
  1451 | D:2      | Killed Terence
  1451 | D:2      | Reached XP level 4. HP: 17/23 MP: 5/5
  1581 | D:2      | Found a radiant altar of Vehumet.
  1663 | D:2      | Found a blossoming altar of Fedhas.
  1746 | D:2      | Slain by a gnoll

Skill      XL: |  1  2  3 |
---------------+----------+-----
Dodging        | 5 6 |  6.6
Long Blades    | 3 |  3.4
Fighting       | |  2.4
Stealth        | |  3.0

Action                   |  1- 3 |  4- 6 || total
-------------------------+-------+-------++-------
Melee: Falchion          |   113 |    27 ||   140
  Use: Scroll            |     8 |       ||     8
 Stab: Sleeping          |     9 |     3 ||    12
Armor: Robe              |    13 |     2 ||    15
Dodge: Dodged            |   120 |    29 ||   149
       Rpst.: Falchion   |    44 |     9 ||    53
